 Dungeon Crawl Stone Soup version 0.32-a0-39-g5c88369fb2 (webtiles) character file.

Game seed: 15914147228242951616

2294 Pixllover the Cleaver (level 9, 0/82 HPs)
             Began as a Minotaur Berserker on Jan 27, 2024.
             Was an Elder of Trog.
             Killed by divine providence
             ... invoked by an orc priest
              (16 damage)
             ... on level 7 of the Dungeon.
             The game lasted 00:09:45 (6886 turns).

Pixllover the Cleaver (Minotaur Berserker)          Turns: 6886, Time: 00:09:45

Health: 0/82       AC: 10    Str: 26    XL:     9   Next: 17%
Magic:  8/8        EV: 11    Int:  4    God:    Trog [****..]
Gold:   301        SH:  0    Dex: 16    Spells: 8/8 levels left

rFire   + . .        a - +0 hand axe
rCold   + . .        t - +0 tower shield
rNeg    . . .        i - +1 ring mail {rF+}
rPois   .            (helmet restricted)
rElec   .            (no cloak)
rCorr   .            x - +0 pair of gloves
SInv    .            o - +0 pair of boots
Will    .....        (no amulet) Stlth
                     n - +6 ring of dexterity
HPRegen 0.33/turn    j - ring of protection from cold
MPRegen 0.11/turn

%: no passive effects
@: confused
A: horns 2, retaliatory headbutt
a: Renounce Religion, Berserk, Trog's Hand, Brothers in Arms


You were on level 7 of the Dungeon.
You worshipped Trog.
Trog was greatly pleased with you.
You visited 1 branch of the dungeon, and saw 7 of its levels.

You collected 301 gold pieces.

Inventory:

Hand Weapons
 a - a +0 hand axe (weapon)
Missiles
 e - 20 poisoned darts (quivered)
 l - 3 throwing nets
Armour
 i - a +1 ring mail of fire resistance (worn)
 o - a +0 pair of boots (worn)
 t - a +0 tower shield (worn)
 x - a +0 pair of gloves (worn)
Jewellery
 j - a ring of protection from cold (right hand)
 n - a +6 ring of dexterity (left hand)
Wands
 q - a wand of roots (11)
 v - a wand of flame (23)
Scrolls
 b - a scroll of revelation {unknown}
 c - a scroll of teleportation
 d - a scroll of vulnerability
 p - a scroll of acquirement {unknown}
 r - 2 scrolls of enchant weapon {unknown}
 y - a scroll of identify
Potions
 f - a potion of might {unknown}
 g - 3 potions of enlightenment
 h - a potion of brilliance {unknown}
 k - 2 potions of curing
 m - 2 potions of magic
 s - a potion of haste {unknown}
 u - a potion of invisibility {unknown}
 w - a potion of resistance {unknown}


   Skills:
 * Level 8.7 Fighting
 + Level 9.1 Axes
 + Level 6.5 Armour
 + Level 5.1 Dodging
 + Level 0.6 Stealth
 + Level 3.6 Shields


You had 8 spell levels left.
You didn't know any spells.
Your spell library was empty.

Dungeon Overview and Level Annotations

Branches:
Dungeon (7/15)             Temple (0/1) D:6

Altars:
Ashenzari
Fedhas
Makhleb
Sif Muna
Trog
Uskayaw
Wu Jian
Xom
Zin

Shops:
D:1 (

Annotations:
D:7 2 transporters, losten's ghost, novice DsGl


Innate Abilities, Weirdness & Mutations

You have a pair of horns on your head.
You reflexively headbutt those who attack you in melee.


Message History

You are confused.
The orc priest looks encouraged for a moment.
The orc priest hits you but does no damage.
The orc priest mumbles some strange prayers to Beogh against you.
Beogh smites you! Something hits you but does no damage.
You miss the orc priest. You headbutt the orc priest.
The orc priest is heavily wounded.
You completely miss something. The orc priest barely misses you.
An orc comes into view. It is wielding a +0 club.
Something hits you but does no damage.
You closely miss the orc priest.
The orc priest is heavily wounded.
You closely miss the orc priest. You miss something.
The orc priest barely misses you.
The orc priest mumbles some strange prayers to Beogh against you.
Beogh smites you!
Unknown command.
Okay, then.
You are too confused!
You hit the orc priest but do no damage.
The orc priest is heavily wounded.
You hit the orc priest. You miss something.
The orc priest mumbles some strange prayers to Beogh against you.
Beogh smites you!
* * * LOW HITPOINT WARNING * * *
Something hits you.
* * * LOW HITPOINT WARNING * * *
An ice beast comes into view.
The orc priest barely misses you. The orc priest hits you with a +0 whip.
* * * LOW HITPOINT WARNING * * *
The orc priest attacks as it pursues you!
The orc priest hits you with a +0 hand axe.
* * * LOW HITPOINT WARNING * * *
The orc priest hits you but does no damage.
You slash the orc priest!
The orc priest is heavily wounded.
You barely miss the orc priest. You miss something.
The orc priest mumbles some strange prayers to Beogh against you.
Beogh smites you!
You die...

##..####.##.#
#........##.#
##...#######.#
#......<..##.#
###....####.#..#
#...>..)..)..#.#
#.##........###.
#.#.###.##...####..#.#
#.#.#.....@oo###....# ##
#.#.(.##...oo)....# #
.######.....##)....##...#
........^...##..#..# ...#
.#..............?..# ...#
....###.#.#.#Y###### .o.#
.............!. ...#
...|##..#.#...# ....
.†####........# .....


You could see an ice beast, 3 orc priests and an orc.

Vanquished Creatures
  A water moccasin (D:7)
  2 black bears (D:6)
  A sky beast (D:7)
  A centaur (D:7)
  2 ogres (D:5)
  A kobold brigand (D:7)
  3 bullfrogs
  2 gnoll sergeants (D:7)
  4 scorpions
  A bombardier beetle (D:5)
  7 hounds
  4 orc priests
  4 iguanas
  3 jellies
  2 orc wizards
  21 gnolls
  7 adders
  2 white imps (D:6)
  A dart slug (D:1)
  2 ribbon worms (D:2)
  19 orcs
  11 ball pythons
  5 endoplasms
  10 goblins
  11 hobgoblins
  6 jackals
  8 kobolds
  7 quokkas
  8 bats
  3 frilled lizards
  5 rats
164 creatures vanquished.

Notes
Turn   | Place    | Note
-------+----------+-------------------------------------------
     0 | D:1      | Pixllover the Minotaur Berserker began the quest for the
                  | Orb.
     0 | D:1      | Reached XP level 1. HP: 19/19 MP: 0/0
   111 | D:1      | Reached XP level 2. HP: 25/27 MP: 1/1
   183 | D:1      | Reached skill level 4 in Axes
   444 | D:1      | Found Nofuroik's Antique Weapon Boutique.
   600 | D:1      | Reached XP level 3. HP: 34/34 MP: 2/2
   745 | D:2      | Reached ** piety under Trog
  1791 | D:3      | Reached XP level 4. HP: 39/41 MP: 3/3
  1795 | D:3      | Reached skill level 5 in Axes
  1919 | D:3      | Found a shimmering altar of Xom.
  1981 | D:3      | Noticed a bullfrog
  1987 | D:3      | Killed a bullfrog
  1988 | D:3      | Reached skill level 5 in Fighting
  1988 | D:3      | Reached XP level 5. HP: 44/48 MP: 4/4
  2011 | D:3      | HP: 2/48 [gnoll/+0 club (4)]
  2249 | D:3      | Found a shimmering blue altar of Sif Muna.
  2253 | D:3      | Found a bloodstained altar of Trog.
  2616 | D:3      | Found a broken altar of Ashenzari.
  2696 | D:4      | Reached *** piety under Trog
  2699 | D:4      | Reached skill level 6 in Axes
  2736 | D:4      | Reached XP level 6. HP: 17/56 MP: 5/5
  4037 | D:5      | Entered Level 5 of the Dungeon
  4065 | D:5      | Reached XP level 7. HP: 25/62 MP: 6/6
  4216 | D:5      | Reached skill level 7 in Axes
  4458 | D:5      | Reached skill level 5 in Armour
  4557 | D:5      | Found a burning altar of Makhleb.
  4810 | D:6      | Found a staircase to the Ecumenical Temple.
  4952 | D:6      | Reached XP level 8. HP: 44/71 MP: 7/7
  4962 | D:6      | Reached skill level 8 in Axes
  5312 | D:6      | Reached **** piety under Trog
  5464 | D:6      | Found a glowing silver altar of Zin.
  5467 | D:6      | Found a hide-covered altar of Uskayaw.
  5613 | D:6      | Reached skill level 1 in Shields
  5629 | D:6      | Found a blossoming altar of Fedhas.
  6212 | D:7      | Reached skill level 5 in Dodging
  6358 | D:7      | Found an ornate altar of the Wu Jian Council.
  6460 | D:7      | Reached XP level 9. HP: 82/82 MP: 8/8
  6651 | D:7      | Found a transporter.
  6651 | D:7      | Noticed losten's ghost (novice DsGl)
  6651 | D:7      | Identified the +4 great mace of Qeuluof {venom, rF+ rC-
                  | Int+2 Stlth+}
  6651 | D:7      | Noticed a two-headed ogre
  6652 | D:7      | Found a transporter.
  6754 | D:7      | Reached skill level 9 in Axes
  6886 | D:7      | Killed from afar by an orc priest

Illustrated notes

Levels and vault maps discovered:
D:1:      lightli_arrival_lavapool, layout_loops_ring, serial_shops, shop,
          minivault_23, minmay_box_of_dots
D:2:      layout_basic, moated_statue, minmay_unequal
D:3:      layout_basic, hellmonk_overflow_destroyed_library,
          nicolae_ashenzari_skybound, mainiacjoe_overflow_concentric_impassable
D:4:      layout_layer_cave, minivault_19, grunt_ministairs_6, dk_noncrumbling_2
D:5:      layout_rooms, lemuel_tele_altar, hangedman_abyss_or_decor_passed
D:6:      layout_cave_pods, chequers_temple_overflow_statue_of_worship,
          marbit_many_paths, minmay_temple_entry_statues_pillars
D:7:      layout_loops_ring, mainiacjoe_overflow_cross_hatched,
          nicolae_overflow_hidden_temple, gammafunk_ghost_smash

Skill      XL: |  1  2  3  4  5  6  7  8  9 |
---------------+----------------------------+-----
Fighting       | 4 5 6 8 |  8.7
Axes           | 4 5 6 7 8 9 |  9.1
Dodging        | 3 5 |  5.1
Armour         | 3 4 5 6 |  6.5
Shields        | 3 |  3.6
Stealth        | |  0.6

Action                     |  1- 3 |  4- 6 |  7- 9 || total
---------------------------+-------+-------+-------++-------
  Melee: Hand axe          |    94 |   142 |   218 ||   454
         Headbutt          |    13 |    16 |    49 ||    78
         Punch             |       |     2 |       ||     2
 Invoke: Berserk           |       |       |     4 ||     4
    Use: Scroll            |       |     5 |     4 ||     9
 Armour: Animal skin       |    38 |       |       ||    38
         Ring mail         |    17 |   110 |   139 ||   266
  Dodge: Dodged            |    84 |   104 |    95 ||   283
  Block: Tower shield      |       |       |   123 ||   123

Table legend: (Time is in decaauts)
 A = Elapsed time spent in this place.
 B = Non-inter-level travel time spent in this place.
 C = Inter-level travel time spent in this place.
 D = Time resting spent in this place.
 E = Time spent auto-exploring this place.
 F = Levels seen in this place.
 G = Mean time per level.
                   A        B        C        D        E       F      G
               +--------+--------+--------+--------+--------+-----+--------+
         Total |   6943 |   6827 |    116 |   1124 |   4009 |   7 |  991.9 |
       Dungeon |   6943 |   6827 |    116 |   1124 |   4009 |   7 |  991.9 |
               +--------+--------+--------+--------+--------+-----+--------+

Top non-repeatable levels by time:
     D:4: 1349 daAuts
     D:6: 1138 daAuts
     D:7: 1004 daAuts
     D:2: 1002 daAuts
     D:3: 951 daAuts
     D:5: 756 daAuts
     D:1: 741 daAuts
